 Dungeon Crawl Stone Soup version 0.29-a0-284-gf9362112df (webtiles) character file.

Game seed: 3800368034545893668

585 avis the Skirmisher (level 7, -8/66 HPs)
             Began as a Hill Orc Monk on Mar 20, 2022.
             Was a Believer of Beogh.
             Engulfed by a cloud of steam (11 damage)
             ... on level 5 of the Dungeon.
             The game lasted 00:24:12 (5092 turns).

avis the Skirmisher (Hill Orc Monk)                 Turns: 5092, Time: 00:24:16

Health: -8/66      AC: 10    Str: 14    XL:     7   Next: 37%
Magic:  7/7        EV:  6    Int: 12    God:    Beogh [**....]
Gold:   182        SH:  0    Dex: 13    Spells: 6/6 levels left

rFire   . . .      SeeInvis .   w - +2 scimitar (vamp)
rCold   . . .      Faith    .   (no shield)
rNeg    . . .      Spirit   .   n - +0 chain mail
rPois   +          Reflect  .   F - +0 helmet
rElec   .          Harm     .   g - +0 cloak
rCorr   .          Rampage  .   (no gloves)
Will    .....                   (no boots)
Stlth   ..........              J - amulet of the acrobat
HPRegen 0.21/turn               (no ring)
MPRegen 0.10/turn               (no ring)

@: no status effects
A: poison resistance
a: Renounce Religion, Smiting


You were on level 5 of the Dungeon.
You worshipped Beogh.
Beogh was pleased with you.
You visited 1 branch of the dungeon, and saw 6 of its levels.

You collected 182 gold pieces.

Inventory:

Hand Weapons
 b - a +0 shortbow
 f - a +0 spear
 j - a +1 dagger of protection
 u - the +6 mace of Uwigan {freeze, *Noise Dex+6}
   (You found it on level 2 of the Dungeon)

   It freezes those it strikes, dealing additional cold damage.
   It can also slow down cold-blooded creatures.
   Dex:       It affects your dexterity (+6).
   *Noise:    It may make noises in combat.
 v - a +0 hunting sling
 w - a +2 vampiric scimitar (weapon)
 E - a +0 shortbow
 I - a +0 spear
 N - a +0 spear
Missiles
 c - 108 stones
 h - 3 boomerangs (quivered)
 L - a throwing net
Armour
 a - an orb of light
 g - a +0 cloak (worn)
 k - a +0 robe
 n - a +0 chain mail (worn)
 s - a +0 leather armour
 A - a +0 chain mail
 F - a +0 helmet (worn)
Jewellery
 J - an amulet of the acrobat (around neck)
Wands
 O - a wand of iceblast (7)
Scrolls
 d - 4 scrolls of identify {unknown}
 e - a scroll of amnesia {unknown}
 l - 5 scrolls of teleportation {unknown}
 o - a scroll of fog {unknown}
 q - a scroll of enchant weapon {unknown}
 y - 2 scrolls of holy word {unknown}
 C - a scroll of brand weapon {unknown}
 H - a scroll of vulnerability {unknown}
 K - a scroll of silence {unknown}
 M - a scroll of fear {unknown}
Potions
 i - a potion of cancellation {unknown}
 p - a potion of attraction {unknown}
 r - a potion of haste {unknown}
 t - 2 potions of heal wounds {unknown}
 x - 2 potions of magic {unknown}
 z - a potion of might {unknown}
 B - 3 potions of curing {unknown}
 D - 2 potions of lignification {unknown}
 G - a potion of mutation


   Skills:
 - Level 7.0 Fighting
 - Level 3.0 Dodging
 - Level 1.5 Stealth
 * Level 6.8 Unarmed Combat


You had 6 spell levels left.
You didn't know any spells.
Your spell library contained the following spells:

 Spells                   Type           Power      Damage    Failure   Level
 Slow                     Hex            0%         N/A       100%        1
 Confusing Touch          Hex            0%         N/A       100%        3
 Gell's Gravitas          Tloc           0%         N/A       100%        3
 Lesser Beckoning         Tloc           0%         N/A       100%        3
 Teleport Other           Tloc           0%         N/A       100%        3
 Vampiric Draining        Necr           0%         2d6       100%        3
 Fireball                 Conj/Fire      0%         3d3       100%        5
 Starburst                Conj/Fire      0%         6d3       100%        6
 Ignition                 Fire           0%         3d3       100%        8


Dungeon Overview and Level Annotations

Branches:
Dungeon (6/15)             Temple (0/1) D:5

Altars:

Annotations:
D:6 Maggie


Innate Abilities, Weirdness & Mutations

Your system is resistant to poisons. (rPois)


Message History

The steam dragon claws you but does no damage.
The steam dragon completely misses you. The steam dragon closely misses you.
You feel less invigorated.
You feel less confused.
The steam dragon bites you but does no damage.
The steam dragon completely misses you. The steam dragon completely misses you.
The steam dragon closely misses you.
You hit the steam dragon.
The steam dragon is heavily wounded.
The steam dragon breathes steam at you. The ball of steam hits you!
* * * LOW HITPOINT WARNING * * *
You hit the steam dragon but do no damage.
You punch the steam dragon.
The steam dragon is heavily wounded.
You are engulfed in a cloud of scalding steam.
The steam dragon bites you.
* * * LOW HITPOINT WARNING * * *
The steam dragon claws you.
* * * LOW HITPOINT WARNING * * *
It was a potion of mutation.
You feel extremely strange.
You feel resistant to poisons.
You are engulfed in a cloud of scalding steam.
The steam dragon bites you but does no damage.
The steam dragon barely misses you.
You slash the steam dragon!
You feel better.
The steam dragon is almost dead.
The steam dragon breathes steam at you. The ball of steam hits you.
* * * LOW HITPOINT WARNING * * *
The steam dragon bites you.
* * * LOW HITPOINT WARNING * * *
The steam dragon claws you but does no damage.
You hit the steam dragon.
You feel better.
You kill the steam dragon!
Beogh accepts your kill.
You hear a splash.
The steam dragon scales are intact enough to wear.
You are engulfed in a cloud of scalding steam.
You die...

#....#.......### .
.....##
#....#......##≈P.###
.......
#....##...### ≈...P#
....... #....##...##
....P## .......
#)...#.....# ....≈≈#
#...## #....#.....#
......# #...##
#....#.....# D^.≈P#
#.....
#....#.....###§≈.PP#
#.....
#....#....##§@#
#...##
#....'....##§§# #...
# #....#.....§§§#
#.. #
#....#....§...# .. .
#....#...§....# .
#....#........# #
#....#........# #
#....#........# #
#....#.......## . #


You could see a steam dragon.

Vanquished Creatures
  A steam dragon (D:5)
  An ogre (D:4)
  A phantom (D:5)
  A scorpion (D:4)
  A necrophage (D:5)
  A jelly (D:5)
  4 iguanas
  2 hounds (D:5)
  6 adders
  A worm (D:2)
  2 dart slugs
  3 orcs
  7 endoplasms
  3 giant cockroaches
  3 goblins
  7 hobgoblins
  A jackal (D:4)
  7 quokkas
  8 ball pythons
  4 bats
  5 frilled lizards
  3 kobolds
  4 rats
76 creatures vanquished.

Vanquished Creatures (others)
  An orc priest (D:5)
  An orc (D:5)
  A jackal (D:5)
3 creatures vanquished.

Grand Total: 79 creatures vanquished

Notes
Turn   | Place    | Note
-------+----------+-------------------------------------------
     0 | D:1      | avis the Hill Orc Monk began the quest for the Orb.
     0 | D:1      | Reached XP level 1. HP: 19/19 MP: 1/1
   342 | D:1      | Reached skill level 4 in Fighting
   488 | D:1      | Reached XP level 2. HP: 21/27 MP: 2/2
   823 | D:1      | Found a faded altar of an unknown god.
  1558 | D:2      | Reached XP level 3. HP: 32/33 MP: 3/3
  1585 | D:2      | Identified the +6 mace of Uwigan {freeze, *Noise Dex+6}
  2227 | D:3      | Reached skill level 5 in Unarmed Combat
  2254 | D:3      | Reached XP level 4. HP: 36/40 MP: 4/4
  3150 | D:4      | Reached skill level 5 in Fighting
  3625 | D:4      | Noticed an ogre
  3629 | D:4      | Killed an ogre
  3630 | D:4      | Reached skill level 6 in Fighting
  3630 | D:4      | Reached XP level 5. HP: 38/50 MP: 5/5
  3915 | D:4      | Reached XP level 6. HP: 47/58 MP: 6/6
  4255 | D:5      | Entered Level 5 of the Dungeon
  4342 | D:5      | Found a staircase to the Ecumenical Temple.
  4466 | D:5      | Reached skill level 7 in Fighting
  4598 | D:5      | You fall into a shaft and drop 1 floor!
  4598 | D:6      | Noticed Maggie
  4609 | D:5      | Became a worshipper of Beogh the Brigand
  4609 | D:5      | Reached * piety under Beogh
  4609 | D:5      | Reached ** piety under Beogh
  4638 | D:5      | Reached XP level 7. HP: 59/66 MP: 7/7
  5070 | D:5      | Noticed a steam dragon
  5071 | D:5      | Noticed a steam dragon
  5090 | D:5      | Gained mutation: Your system is resistant to poisons.
                  | (rPois) [potion of mutation]
  5091 | D:5      | HP: 2/66 [steam dragon (5)]
  5092 | D:5      | Killed a steam dragon
  5092 | D:5      | Engulfed by a cloud of steam

Illustrated notes

Levels and vault maps discovered:
D:1:      lightli_arrival_statue_moat, layout_basic,
          ebering_ecumenical_altar_sacrificial
D:2:      layout_rooms
D:3:      layout_basic, chequers_serial_rivers_micro_c
D:4:      layout_gridville, nrook_campfire
D:5:      kennysheep_steamy, layout_gridville, minmay_temple_entry_sparse_star
D:6:      layout_rooms, kennysheep_potato, uniq_maggie, uniq_crazy_yiuf_cottage,
          uniq_blork_the_orc

Skill      XL: |  1  2  3  4  5  6 |
---------------+-------------------+-----
Fighting       | 4 6 7 |  7.0
Unarmed Combat | 4 5 6 |  6.8
Dodging        | 3 |  3.0
Stealth        | |  1.5

Action                   |  1- 3 |  4- 6 |  7- 9 || total
-------------------------+-------+-------+-------++-------
Melee: Unarmed           |    45 |       |    26 ||    71
       Scimitar          |    31 |    71 |    18 ||   120
       Punch             |     2 |     1 |     4 ||     7
 Fire: Shortbow          |    52 |    54 |     7 ||   113
Throw: Boomerang         |     2 |       |       ||     2
Invok: Convert to Beogh  |       |     1 |       ||     1
  Use: Potion            |       |       |     2 ||     2
 Stab: Sleeping          |     2 |       |       ||     2
Armor: Robe              |     9 |       |       ||     9
       Chain mail        |    28 |    87 |    36 ||   151
Dodge: Dodged            |    45 |    58 |    19 ||   122

Table legend: (Time is in decaauts)
 A = Elapsed time spent in this place.
 B = Non-inter-level travel time spent in this place.
 C = Inter-level travel time spent in this place.
 D = Time resting spent in this place.
 E = Time spent auto-exploring this place.
 F = Levels seen in this place.
 G = Mean time per level.
                   A        B        C        D        E       F      G
               +--------+--------+--------+--------+--------+-----+--------+
         Total |   5221 |   4838 |    383 |   1378 |   2352 |   6 |  870.2 |
       Dungeon |   5221 |   4838 |    383 |   1378 |   2352 |   6 |  870.2 |
               +--------+--------+--------+--------+--------+-----+--------+

Top non-repeatable levels by time:
     D:4: 1363 daAuts
     D:1: 1358 daAuts
     D:3: 1167 daAuts
     D:5: 779 daAuts
     D:2: 546 daAuts
     D:6: 4 daAuts
